 Dungeon Crawl Stone Soup version 0.30.1-3-gfc49f6343a (webtiles) character file.

Game seed: 12936021568879083991

16 FishyPogo the Firebug (level 2, 0/23 HPs)
             Began as a Draconian Fire Elementalist on July 22, 2023.
             Was a Follower of Okawaru.
             Slain by a jackal (2 damage)
             ... on level 1 of the Dungeon.
             The game lasted 00:04:57 (387 turns).

FishyPogo the Firebug (Draconian Fire Elementalist)  Turns: 387, Time: 00:04:57

Health: 0/23       AC:  4    Str: 10    XL:     2   Next: 41%
Magic:  3/5        EV: 14    Int: 15    God:    Okawaru [*.....]
Gold:   32         SH:  0    Dex: 11    Spells: 4/5 levels left

rFire   . .          .
                       - Unarmed
rCold   . . .        (no shield)
rNeg    . . .        (body armour unavailable)
rPois   .            (helmet restricted)
rElec   .            (no cloak)
rCorr   .            (no gloves)
SInv    .            (no boots)
Will    .....        (no amulet)
Stlth   +++          (no ring)
HPRegen 0.23/turn    (no ring)
MPRegen 0.09/turn

%: no passive effects
@: heroic
A: AC +4, unfitting armour, cold-blooded
a: Renounce Religion, Heroism


You were on level 1 of the Dungeon.
You worshipped Okawaru.
Okawaru was aware of your devotion.
You visited 1 branch of the dungeon, and saw 1 of its levels.

You collected 32 gold pieces.

Inventory:

Hand Weapons
 c - a +0 sling
Missiles
 e - 15 stones


   Skills:
 * Level 1.1(6.1) Fighting
 + Level 2.0(7.0) Dodging
 - Level 2.0(7.0) Stealth
 - Level 2.0 Spellcasting
 - Level 1.0 Conjurations
 + Level 3.1 Fire Magic
 + Level 0.7 Invocations


You had 4 spell levels left.
You knew the following spells:

 Your Spells              Type           Power      Damage    Failure   Level
a - Foxfire               Conj/Fire      28%        2x1d5     10%         1

Your spell library contained the following spells:

 Spells                   Type           Power      Damage    Failure   Level
 Scorch                   Fire           22%        2d6       9%          2
 Inner Flame              Hex/Fire       6%         N/A       34%         3
 Volatile Blastmotes      Fire/Tloc      12%        2d11      34%         3
 Flame Wave               Conj/Fire      7%         2d5       67%         4


Dungeon Overview and Level Annotations

Branches:
Dungeon (1/15)

Altars:
Okawaru


Innate Abilities, Weirdness & Mutations

Your plain brown scales are hard. (AC +4)
You cannot fit into any form of body armour.
You are cold-blooded and may be slowed by cold attacks.


Message History

Things that are here:
a +0 dagger; a goblin corpse You hit the jackal but do no damage.
Your tail-slap misses the jackal.
The jackal closely misses you.
You hit the jackal.
The jackal is heavily wounded.
The jackal misses you.
You hit the jackal.
The jackal is almost dead.
The jackal bites you but does no damage.
The jackal bites you. The jackal barely misses you.
You barely miss the jackal. You tail-slap the jackal.
You kill the jackal!
Okawaru accepts your kill. The jackal bites you.
* * * LOW HITPOINT WARNING * * *
The jackal bites you.
* * * LOW HITPOINT WARNING * * *
The jackal barely misses you.
A ball python comes into view.
Unknown command.
You barely miss the jackal. Your punch misses the jackal.
The jackal misses you. The jackal barely misses you.
You hit the jackal.
The jackal is moderately wounded.
The jackal barely misses you.
The jackal bites you but does no damage.
The jackal misses you.
You hit the jackal.
The jackal is heavily wounded.
The jackal bites you.
* * * LOW HITPOINT WARNING * * *
The jackal closely misses you.
The jackal bites you but does no damage.
Unknown command.
You hit the jackal.
You kill the jackal!
Okawaru accepts your kill. The jackal bites you.
You die...

...#. + ........##..
>..#. #. ...!...#..#
......#.####.........#
..... ....#.........#
#.##..###.##.....)...#
..........)'.........+
+##.h.h#.##.).......#
......#h#K##..........
...#..#@#)#########...
.. ##.†.#.§...#
.##.#...###.#
.............####
....#####.......#
..... ####....# ....
#....# .... #....#
########....#


You could see 2 jackals.

Vanquished Creatures
  2 bats (D:1)
  An endoplasm (D:1)
  A giant cockroach (D:1)
  3 goblins (D:1)
  2 jackals (D:1)
  4 kobolds (D:1)
  A quokka (D:1)
  2 rats (D:1)
16 creatures vanquished.

Vanquished Creatures (others)
  22 foxfires (D:1)
22 creatures vanquished.

Grand Total: 38 creatures vanquished

Notes
Turn   | Place    | Note
-------+----------+-------------------------------------------
     0 | D:1      | FishyPogo the Draconian Fire Elementalist began the quest
                  | for the Orb.
     0 | D:1      | Reached XP level 1. HP: 14/14 MP: 3/3
    63 | D:1      | Found a faded altar of an unknown god.
    68 | D:1      | Prayed at the altar of an unknown god.
    68 | D:1      | Became a worshipper of Warmaster Okawaru
    68 | D:1      | Reached * piety under Okawaru
   344 | D:1      | Reached XP level 2. HP: 22/22 MP: 1/5
   348 | D:1      | Reached skill level 1 in Fighting
   387 | D:1      | Slain by a jackal

Illustrated notes

Levels and vault maps discovered:
D:1:      amcnicky_arrival_feature_with_door, layout_basic,
          dreamdust_ecumenical_altar_grove, minmay_tromino_v4_c

Skill      XL: |  1  2 |
---------------+-------+-----
Fighting       | 1 |  1.1
Dodging        | 2 |  2.0
Stealth        | 2 |  2.0
Spellcasting   | |  2.0
Conjurations   | |  1.0
Fire Magic     | |  3.1
Invocations    | |  0.7

Action                     || total
---------------------------++-------
  Melee: Unarmed           ||     8
         Tailslap          ||     1
   Fire: Sling             ||    34
   Cast: Foxfire           ||    14
 Invoke: Heroism           ||     1
    Use: Scroll            ||     2
         Potion            ||     1
 Armour: Skin              ||    23
  Dodge: Dodged            ||    31
